 Dungeon Crawl Stone Soup version 0.27-a0-1188-g73eefd5def (webtiles) character file.

Game seed: 9307471057709167090

26 porpoise the Skirmisher (level 2, -10/23 HPs)
             Began as a Demonspawn Wanderer on May 21, 2021.
             Mangled by a gnoll
             ... wielding a +0 flail
              (12 damage)
             ... on level 1 of the Dungeon.
             The game lasted 00:03:20 (1407 turns).

porpoise the Skirmisher (Demonspawn Wanderer)       Turns: 1407, Time: 00:03:21

Health: -10/23     AC:  3    Str: 11    XL:     2   Next: 89%
Magic:  2/2        EV: 11    Int: 15    God:
Gold:   28         SH:  0    Dex: 11    Spells: 1/1 levels left

rFire    . . .     SeeInvis .   a - +2 dagger
rCold    . . .     Faith    .   (no shield)
rNeg     . . .     Spirit   .   g - +0 leather armour
rPois    .         Reflect  .   (no helmet)
rElec    .         Harm     .   (no cloak)
rCorr    .         Rampage  .   (no gloves)
Will     .....                  (no boots)
Stlth    +.........             (no amulet)
HPRegen  0.07/turn              (no ring)
MPRegen  0.16/turn              (no ring)

@: no status effects
A: magic regeneration
a: no special abilities


You were on level 1 of the Dungeon.
You visited 1 branch of the dungeon, and saw 1 of its levels.

You collected 28 gold pieces.

Inventory:

Hand Weapons
 a - a +2 dagger (weapon)
 d - a +0 short sword
Missiles
 b - 4 curare-tipped darts (quivered)
Armour
 g - a +0 leather armour (worn)
Scrolls
 f - a scroll of noise {unknown}
Potions
 c - 2 potions of curing


   Skills:
 + Level 2.9 Fighting
 - Level 1.7 Short Blades
 - Level 1.0 Throwing
 - Level 1.7 Dodging
 - Level 1.7 Stealth
 - Level 1.0 Unarmed Combat
 - Level 1.0 Evocations


You had one spell level left.
You didn't know any spells.
Your spell library contained the following spells:

 Spells                   Type           Power      Damage    Failure   Level
 Animate Skeleton         Necr           0%         N/A       34%         1
 Apportation              Tloc           0%         N/A       34%         1
 Corona                   Hex            0%         N/A       34%         1
 Summon Small Mammal      Summ           0%         N/A       34%         1


Dungeon Overview and Level Annotations

Branches:
Dungeon (1/15)

Altars:


Innate Abilities, Weirdness & Mutations

You regenerate magic rapidly.


Message History

The bat misses you. The bat barely misses you.
You hit the bat.
You kill the bat!
Things that are here:
a +0 leather armour; a bat corpse
g - a +0 leather armour You start removing your armour.
You continue taking off your +0 robe. x4
You finish taking off your +0 robe.
You start putting on your armour.
You continue putting on your +0 leather armour. x5
You finish putting on your +0 leather armour.
Drop what? 7/52 slots (_ for help) (? for menu, Esc to quit)
You drop a +0 robe.
Found a chain mail.
Adjust (i)tems, (s)pells, or (a)bilities?
Okay, then.
Unknown command.
A quokka and a gnoll come into view.
You barely miss the quokka. The quokka bites you.
You hit the quokka but do no damage. The quokka barely misses you.
The quokka misses you.
You hit the quokka.
You kill the quokka!
You start resting.
HP restored.
The helpless gnoll fails to defend itself.
You puncture the gnoll!
The gnoll is severely wounded.
The gnoll hits you with a +0 flail!
Ouch! That really hurt!
You closely miss the gnoll.
The gnoll is severely wounded.
The gnoll hits you with a +0 flail!
* * * LOW HITPOINT WARNING * * *
You barely miss the gnoll.
The gnoll is severely wounded.
The gnoll hits you with a +0 flail!
Ouch! That really hurt!
You die...

##.##.###.###.#.......
##.##.###...÷.#....h..
#..#...#############..
..#.##........ .
.###.#..###### #####
..#)#.### ###$.. .#.###)#
#....## .##.#..# #.....#
......##### #.g@..# #
..........########.##.####
...............##......[.#
.......).......##......#.#
..........8....##.######.#
##'##....⌠................
##.##.....8..###.[.#######
##.##..........#...##....#
..)............#......##.#


You could see a gnoll.

Vanquished Creatures
  A dart slug (D:1)
  3 bats (D:1)
  3 endoplasms (D:1)
  4 jackals (D:1)
  2 kobolds (D:1)
  2 quokkas (D:1)
  2 ball pythons (D:1)
  3 goblins (D:1)
  A rat (D:1)
21 creatures vanquished.

Notes
Turn   | Place    | Note
-------+----------+-------------------------------------------
     0 | D:1      | porpoise the Demonspawn Wanderer began the quest for the
                  | Orb.
     0 | D:1      | porpoise set off with the following items: a +2 dagger, 4
                  | curare-tipped darts, a potion of curing, a +0 short sword,
                  | a +0 robe
     0 | D:1      | Reached XP level 1. HP: 15/15 MP: 1/1
   411 | D:1      | Reached skill level 2 in Fighting
   419 | D:1      | Gained mutation: You regenerate magic rapidly. [demonic
                  | ancestry]
   419 | D:1      | Reached XP level 2. HP: 8/22 MP: 2/2
  1302 | D:1      | Found a faded altar of an unknown god.
  1407 | D:1      | Mangled by a gnoll

Illustrated notes

Levels and vault maps discovered:
D:1:      tarquinn_simple_flora_water_e, layout_basic,
          shapermc_ecumenical_altar_starsandcircs, st_stairs_4, fountainhead,
          hangedman_feature_mirror, minmay_tripent

Skill      XL: |  1 |
---------------+----+-----
Fighting       | 2 |  2.9
Short Blades   | |  1.7
Throwing       | |  1.0
Dodging        | |  1.7
Stealth        | |  1.7
Unarmed Combat | |  1.0
Evocations     | |  1.0

Action                   || total
-------------------------++-------
Melee: Dagger            ||    74
 Stab: Sleeping          ||     3
Armor: Robe              ||    11
Dodge: Dodged            ||    33

Table legend: (Time is in decaauts)
 A = Elapsed time spent in this place.
 B = Non-inter-level travel time spent in this place.
 C = Inter-level travel time spent in this place.
 D = Time resting spent in this place.
 E = Time spent auto-exploring this place.
 F = Levels seen in this place.
 G = Mean time per level.
                   A        B        C        D        E       F      G
               +--------+--------+--------+--------+--------+-----+--------+
         Total |   1402 |   1402 |      0 |   1002 |    221 |   1 | 1402.0 |
       Dungeon |   1402 |   1402 |      0 |   1002 |    221 |   1 | 1402.0 |
               +--------+--------+--------+--------+--------+-----+--------+

Top non-repeatable levels by time:
     D:1: 1402 daAuts
